 Dungeon Crawl Stone Soup version 0.28.0-1-gb440e238dd (webtiles) character file.

Game seed: 7677391727021843248

67 Morbidden the Skirmisher (level 4, 22/35 HPs)
             Began as a Demonspawn Fighter on Feb 21, 2022.
             Quit the game on level 3 of the Dungeon.
             The game lasted 00:01:56 (1892 turns).

Morbidden the Skirmisher (Demonspawn Fighter)       Turns: 1892, Time: 00:01:56

Health: 22/35      AC:  6    Str: 19    XL:     4   Next: 0%
Magic:  4/4        EV: 24    Int:  9    God:
Gold:   71         SH:  4    Dex: 12    Spells: 4/4 levels left

rFire   . . .      SeeInvis .   b - +2 dagger (drain)
rCold   . . .      Faith    .   c - +0 buckler
rNeg    . . .      Spirit   .   e - +0 scale mail
rPois   .          Reflect  .   (helmet restricted)
rElec   .          Harm     .   (no cloak)
rCorr   .          Rampage  .   (no gloves)
Will    .....                   (no boots)
Stlth   ..........              n - amulet of the acrobat
HPRegen 0.11/turn               (no ring)
MPRegen 0.18/turn               (no ring)

@: acrobatic
A: antennae 1, magic regeneration
a: no special abilities


You were on level 3 of the Dungeon.
You visited 1 branch of the dungeon, and saw 3 of its levels.

You collected 71 gold pieces.

Inventory:

Hand Weapons
 a - a +0 long sword
 b - a +2 dagger of draining (weapon)
Missiles
 f - 5 javelins (quivered)
 j - 4 poisoned darts
Armour
 c - a +0 buckler (worn)
 e - a +0 scale mail (worn)
 g - a +0 helmet
Jewellery
 n - an amulet of the acrobat (around neck)
 r - a +6 ring of strength
Scrolls
 i - a scroll of amnesia
 l - a scroll of teleportation
 m - a scroll of fear
 p - 2 scrolls of torment
 q - a scroll of immolation {unknown}
Potions
 d - a potion of might
 h - a potion of mutation {unknown}
 k - 2 potions of haste {unknown}
 o - 2 potions of curing {unknown}


   Skills:
 * Level 3.3 Fighting
 + Level 0.3(1.5) Short Blades
 * Level 2.3(2.4) Long Blades
 + Level 3.3 Armour
 * Level 0.4 Dodging
 + Level 2.9 Shields
 * Level 0.5 Spellcasting


You had 4 spell levels left.
You didn't know any spells.
Your spell library was empty.

Dungeon Overview and Level Annotations

Branches:
Dungeon (3/15)

Altars:
Dithmenos
Wu Jian


Innate Abilities, Weirdness & Mutations

You have a pair of small antennae on your head.
You regenerate magic rapidly.


Message History

Found 14 stones.
You hit the rat.
You kill the rat!
No target in view!
No target in view!
No target in view!
Found a pair of glowing gloves.
You now have 71 gold pieces (gained 5).
No target in view!
A worm comes into view.
Found a marble ring.
The worm moves out of view.
No target in view!
No target in view!
No target in view!
A worm is nearby!
You hit the worm.
The worm is lightly wounded.
The worm bites you.
You hit the worm.
The worm is lightly wounded.
You hit the worm.
The worm is heavily wounded.
The worm bites you but does no damage.
You hit the worm.
The worm is severely wounded.
The worm bites you!
You hit the worm but do no damage.
The worm is heavily wounded.
You hit the worm. You drain the worm.
The worm is almost dead.
The worm closely misses you.
You hit the worm.
You kill the worm!
You have reached level 4!
You feel stronger.
Your demonic ancestry asserts itself...
A pair of antennae grows on your head!
Your +0 helmet falls away!
You see here a +1 pair of gloves.
r - a +6 ring of strength Are you sure you want to abandon this character and quit the game? (Confirm with "yes".)

##....≈≈.....## #...
#.........##..# ##.#
#..♣♣.....##..##.##.#
#..♣♣.._......#......
#.[...........#####..
#........##...# ###
##...§§.(##..##
#...≈≈......#
#..@........# ######
#.##.....##.........
#.####.### ########
#.# ..# #. .##


There were no monsters in sight!

Vanquished Creatures
  3 adders (D:2)
  A worm (D:3)
  A dart slug (D:2)
  An orc (D:3)
  4 ball pythons
  2 bats
  2 endoplasms (D:1)
  2 giant cockroaches (D:1)
  2 goblins
  2 hobgoblins
  4 jackals (D:1)
  A kobold (D:1)
  3 quokkas
  2 frilled lizards (D:2)
  A rat (D:3)
31 creatures vanquished.

Vanquished Creatures (others)
  5 toadstools (D:1)
5 creatures vanquished.

Grand Total: 36 creatures vanquished

Notes
Turn   | Place    | Note
-------+----------+-------------------------------------------
     0 | D:1      | Morbidden the Demonspawn Fighter began the quest for the
                  | Orb.
     0 | D:1      | Reached XP level 1. HP: 18/18 MP: 1/1
    49 | D:1      | Gained mutation: You regenerate magic rapidly. [demonic
                  | ancestry]
    49 | D:1      | Reached XP level 2. HP: 10/24 MP: 2/2
  1086 | D:2      | Reached XP level 3. HP: 25/29 MP: 3/3
  1571 | D:2      | Found a shadowy altar of Dithmenos.
  1857 | D:3      | Found an ornate altar of the Wu Jian Council.
  1880 | D:3      | Gained mutation: You have a pair of small antennae on your
                  | head. [demonic ancestry]
  1880 | D:3      | Reached XP level 4. HP: 20/35 MP: 4/4
  1892 | D:3      | Quit the game

Illustrated notes

Levels and vault maps discovered:
D:1:      ldierk_walled_garden, layout_basic
D:2:      layout_rooms, basic_altar
D:3:      layout_loops_ring, nicolae_wu_jian_wuxing_cycle, minmay_cupped

Skill      XL: |  1  2 |
---------------+-------+-----
Armour         | 3 |  3.3
Long Blades    | 2 |  2.3
Fighting       | |  3.3
Short Blades   | |  0.3
Dodging        | |  0.4
Shields        | |  2.9
Spellcasting   | |  0.5

Action                   |  1- 3 |  4- 6 || total
-------------------------+-------+-------++-------
Melee: Long sword        |    43 |       ||    43
       Dagger            |    65 |       ||    65
  Use: Scroll            |     4 |       ||     4
Armor: Scale mail        |    40 |       ||    40
Dodge: Dodged            |    63 |       ||    63
Block: Buckler           |    20 |       ||    20
